 Dungeon Crawl Stone Soup version 0.31-a0-182-gc5ef74bbde (webtiles) character file.

Game seed: 6506851436954198088

959 qw the Chopper (level 8, 0/49 HPs)
             Began as a Gargoyle Fighter on June 21, 2023.
             Slain by a gnoll
             ... wielding a +0 spear
             ... led by a gnoll bouda
              (2 damage)
             ... on level 6 of the Dungeon.
             The game lasted 00:01:49 (4289 turns).

qw the Chopper (Gargoyle Fighter)                   Turns: 4289, Time: 00:01:49

Health: 0/49       AC: 20    Str: 21 (23) XL:     8   Next: 14%
Magic:  8/8        EV:  8    Int:  5 (8)  God:
Gold:   178        SH:  9    Dex:  9      Spells: 7/7 levels left

rFire   . . .        Y - +2 war axe
rCold   + . .        c - +0 buckler
rNeg    + . .        m - +0 chain mail
rPois   inf          t - +0 helmet
rElec   +            h - +0 cloak
rCorr   .            (no gloves)
SInv    .            a - +2 pair of boots
Will    .....        i - amulet of reflection Stlth
                     v - ring of protection from cold
HPRegen 0.28/turn    (no ring)
MPRegen 0.11/turn

%: reflection
@: weakened
A: sickness immunity, AC +5, negative energy resistance 1, electricity
resistance, torment resistance 1, petrification resistance
a: no special abilities


You were on level 6 of the Dungeon.
You visited 1 branch of the dungeon, and saw 6 of its levels.
You also visited: Sewer.

You collected 178 gold pieces.


Innate Abilities, Weirdness & Mutations

You are immune to sickness and miasma.
Your stone body is resilient. (AC +5)
You are immune to poison.
You resist negative energy. (rN+)
You are resistant to electric shocks. (rElec)
You are resistant to unholy torment.
You are immune to petrification.


   Skills:
 - Level 5.1 Fighting
 - Level 7.2 Axes
 + Level 0.0 Throwing
 - Level 4.2 Armour
 - Level 1.6 Dodging
 - Level 3.2 Shields


You had 7 spell levels left.
You didn't know any spells.
Your spell library was empty.

Inventory:

Hand Weapons
 f - a +1 flail of protection
 Y - a +2 war axe (weapon)
Missiles
 o - 3 boomerangs (quivered)
Armour
 a - a +2 pair of boots (worn)
 c - a +0 buckler (worn)
 h - a +0 cloak (worn)
 m - a +0 chain mail (worn)
 t - a +0 helmet (worn)
Jewellery
 i - an amulet of reflection (around neck)
 v - a ring of protection from cold (left hand)
Scrolls
 u - a scroll of identify
Potions
 b - a potion of lignification {unknown}
 d - 2 potions of might
 e - a potion of cancellation {unknown}
 g - a potion of haste {unknown}
 l - a potion of mutation {unknown}
 n - a potion of curing
 p - a potion of magic {unknown}
 r - a potion of resistance
 s - a potion of brilliance {unknown}

Dungeon Overview and Level Annotations

Branches:
Dungeon (6/15)              Sewer (visited)
 Temple: D:4-7

Altars:
Elyvilon
Gozag
Kikubaaqudgha
Qazlal

Annotations:
D:3 2 runed translucent doors
D:4 2 transporters, 1 runed translucent door, Crazy Yiuf; qw's ghost, amateur NaHu


Message History

The gnoll hits you but does no damage. You block the ice beast's attack.
The gnoll hits you but does no damage. x2
You miss the water moccasin.
The water moccasin is severely wounded.
You hit the ogre. You hit the ice beast.
The gnoll is no longer moving quickly.
You block the water moccasin's attack. The ogre barely misses you.
The gnoll hits you but does no damage. x2
The ice beast hits you but does no damage.
The gnoll closely misses you.
The water moccasin bites you but does no damage.
You block the gnoll's attack.
You barely miss the water moccasin.
The water moccasin is severely wounded.
You hit the ogre. You hit the ice beast. The water moccasin barely misses you.
The ogre hits you with a +0 giant club.
The ice beast hits you but does no damage.
You block the gnoll's attack.
The gnoll bouda gazes fiercely through you!
You feel as though you will be weak longer.
You block the gnoll's attack. The gnoll barely misses you.
The water moccasin bites you but does no damage.
The gnoll bouda barks out a call to the hunt!
The gnoll picks up the pace!
You block the gnoll's attack. The ice beast completely misses you.
You slash the water moccasin!
You kill the water moccasin!
You hit the ice beast. You barely miss the ogre. The gnoll barely misses you.
The ogre hits you with a +0 giant club! The gnoll hits you but does no damage.
The ice beast barely misses you.
The gnoll hits you from afar with a +0 halberd.
You block the gnoll's attack.
You feel your dexterity returning.
Your Armour skill increases to level 4!
You closely miss the ice beast.
The ice beast is severely wounded.
You slash the ogre!
You kill the ogre!
You completely miss the gnoll bouda.
The gnoll hits you from afar with a +0 spear.
You die...

... #...
#.#. ...#
#..
#g######.#.
##g)........
#.gY@##
.....#g<.#
### ###g..#
.......
....###
..#..#
.......
....### ....


You could see an ice beast, a gnoll bouda and 4 gnolls.

Vanquished Creatures
  Edmund (D:5)
  A water moccasin (D:6)
  An ice beast (D:5)
  3 ogres
  A phantom (D:4)
  2 scorpions
  3 hounds
  A sleepcap (D:6)
  An orc wizard (D:4)
  4 adders
  An ufetubus (D:5)
  4 worms
  2 dart slugs
  8 orcs
  5 ball pythons
  5 bats
  6 endoplasms
  9 giant cockroaches
  4 goblins
  4 hobgoblins
  8 jackals
  2 frilled lizards (Sewer)
  12 kobolds
  3 rats
91 creatures vanquished.

Notes
Turn   | Place    | Note
-------+----------+-------------------------------------------
     0 | D:1      | qw the Gargoyle Fighter began the quest for the Orb.
     0 | D:1      | Reached XP level 1. HP: 14/14 MP: 1/1
     0 | D:1      | 0 ||| qw: Version: 0.3-a-9-g12657ce
     0 | D:1      | 0 ||| qw: Game counter: 1615
     0 | D:1      | 0 ||| qw: Always use a shield: true
     0 | D:1      | 0 ||| qw: God list: Okawaru
     0 | D:1      | 0 ||| qw: Allow faded altars: false
     0 | D:1      | 0 ||| qw: Do Orc after D:15 true
     0 | D:1      | 0 ||| qw: Do second Lair branch before Depths: true
     0 | D:1      | 0 ||| qw: Lair rune preference: random
     0 | D:1      | 0 ||| qw: Plans: Normal, Zot:1-4, Slime:5, God:TSO, Crypt,
                  | Tomb, Abyss, Pan, Hells, Win
     0 | D:1      | 0 ||| PLANNING D:1-11
    89 | D:1      | Reached skill level 2 in Axes
   158 | D:1      | Reached XP level 2. HP: 19/19 MP: 2/2
   662 | D:1      | 662 ||| UPGRADING to +0 cloak.
   667 | D:1      | 667 ||| UPGRADING to +0 chain mail.
   677 | D:1      | 677 ||| DROPPING +0 scale mail.
   678 | D:1      | 678 ||| UPGRADING to amulet of reflection.
   683 | D:1      | 683 ||| READING scroll labelled TUSKYD TOBES.
   684 | D:1      | 684 ||| READING scroll labelled COIMOU TYNA.
   685 | D:1      | 685 ||| READING scroll labelled QOBOOHINUSU.
   686 | D:1      | 686 ||| DRINKING 2 cyan potions.
   802 | D:2      | Found a faded altar of an unknown god.
   919 | D:2      | Reached skill level 3 in Axes
   925 | D:2      | Reached XP level 3. HP: 23/23 MP: 3/3
  1227 | D:2      | 1227 ||| UPGRADING to +2 pair of boots.
  1232 | D:2      | 1232 ||| READING scroll labelled MOKHLI XIUHO.
  1233 | D:2      | 1233 ||| READING scroll labelled QEOLLEWUNG.
  1234 | D:2      | 1234 ||| READING scroll labelled WUGUACZ VAKHLI.
  1310 | D:3      | 1310 ||| DROPPING +0 club.
  1488 | D:3      | Found a large runed translucent door.
  1498 | D:3      | Found a large runed translucent door.
  1859 | D:3      | 1859 ||| DROPPING amulet of the acrobat.
  1860 | D:3      | 1860 ||| READING scroll labelled DIJUES UHUSAPT.
  1978 | D:4      | 1978 ||| PLANNING SEWER
  1985 | D:4      | Found a transporter.
  2055 | D:4      | 2055 ||| Stepping ~*~*~tactically~*~*~ (stealth).
  2057 | D:4      | Noticed an ogre
  2063 | D:4      | Reached skill level 4 in Axes
  2063 | D:4      | Reached XP level 4. HP: 10/28 MP: 4/4
  2064 | D:4      | HP: 3/28 [ogre/+0 giant club (8)]
  2065 | D:4      | 2065 ||| DRINKING potion of heal wounds.
  2070 | D:4      | Killed an ogre
  2071 | D:4      | Reached skill level 5 in Axes
  2071 | D:4      | Reached XP level 5. HP: 9/32 MP: 5/5
  2165 | D:4      | Found a stormy altar of Qazlal.
  2179 | D:4      | Found an ancient bone altar of Kikubaaqudgha.
  2249 | D:4      | Found an opulent altar of Gozag.
  2262 | D:4      | Found a glowing drain.
  2272 | D:4      | Noticed a phantom
  2288 | D:4      | Killed a phantom
  2289 | D:4      | Reached XP level 6. HP: 39/39 MP: 6/6
  2350 | Sewer    | Entered a sewer
  2525 | Sewer    | 2525 ||| Stepping ~*~*~tactically~*~*~ (water).
  2612 | Sewer    | 2612 ||| READING 2 scrolls labelled DOLY OLEOSSA.
  2613 | Sewer    | 2613 ||| READING scroll of enchant weapon.
  2613 | Sewer    | 2613 ||| ENCHANTING +1 war axe.
  2614 | Sewer    | 2614 ||| DRINKING 2 dark potions.
  2615 | Sewer    | 2615 ||| DROPPING potion of invisibility.
  2630 | D:4      | 2630 ||| PLANNING D:1-11
  2633 | D:4      | 2633 ||| Stepping ~*~*~tactically~*~*~ (stealth).
  2635 | D:4      | 2635 ||| Stepping ~*~*~tactically~*~*~ (stealth).
  2673 | D:4      | Found a transporter.
  2765 | D:4      | Found a white marble altar of Elyvilon.
  2818 | D:4      | 2818 ||| Stepping ~*~*~tactically~*~*~ (hiding).
  3033 | D:4      | Noticed qw's ghost (amateur NaHu)
  3302 | D:4      | Found a runed translucent door.
  3303 | D:4      | Noticed Crazy Yiuf
  3306 | D:4      | 3306 ||| DRINKING 2 pink potions.
  3363 | D:5      | Entered Level 5 of the Dungeon
  3378 | D:5      | Reached skill level 6 in Axes
  3384 | D:5      | Noticed Edmund
  3389 | D:5      | Reached skill level 1 in Dodging
  3389 | D:5      | Reached XP level 7. HP: 44/44 MP: 7/7
  3406 | D:5      | Killed Edmund
  3425 | D:5      | 3425 ||| DROPPING +0 mace.
  3619 | D:5      | 3619 ||| Stepping ~*~*~tactically~*~*~ (stealth).
  3810 | D:5      | Reached skill level 7 in Axes
  4212 | D:5      | 4212 ||| UPGRADING to +0 helmet.
  4217 | D:5      | 4217 ||| DROPPING amulet of regeneration.
  4218 | D:5      | 4218 ||| UPGRADING to ring of protection from cold.
  4219 | D:5      | 4219 ||| DROPPING ring of flight.
  4220 | D:5      | 4220 ||| READING scroll labelled DYAZED NESHIPTUNK.
  4224 | D:5      | 4224 ||| DRINKING 2 fuming amethyst potions.
  4225 | D:5      | 4225 ||| DRINKING 2 sapphire potions.
  4226 | D:5      | 4226 ||| DROPPING potion of degeneration.
  4262 | D:6      | 4262 ||| Stepping ~*~*~tactically~*~*~ (stealth).
  4263 | D:6      | 4263 ||| Stepping ~*~*~tactically~*~*~ (stealth).
  4282 | D:6      | Reached XP level 8. HP: 16/49 MP: 8/8
  4282 | D:6      | HP: 3/49 [gnoll/+0 halberd[a gnoll bouda] (11)]
  4283 | D:6      | 4283 ||| DRINKING potion of heal wounds.
  4288 | D:6      | HP: 7/49 [ogre/+0 giant club (12)]
  4288 | D:6      | HP: 2/49 [gnoll/+0 halberd[a gnoll bouda] (5)]
  4289 | D:6      | Slain by a gnoll

Levels and vault maps discovered:
D:1:      dpeg_arrival_rhombi, layout_basic, nicolae_wormholes
D:2:      layout_rooms, hellmonk_ecumenical_altar_defaced_shrine
D:3:      layout_basic, jmf_multi_god_temple2
D:4:      layout_loops_ring, elyvilon_altar_5, mainiacjoe_overflow_alcove_2,
          lemuel_crystal_altar, grunt_qazlal_clouds, gammafunk_ghost_mausoleum,
          portal_sewer_entry_a, uniq_crazy_yiuf_cottage
D:5:      layout_layer_cave, uniq_edmund
D:6:      layout_rooms, minmay_temple_entry_trees, serial_shops, shop

Skill      XL: |  1  2  3  4  5  6  7  8 |
---------------+-------------------------+-----
Axes           | 2 3 4 5 6 7 |  7.2
Fighting       | 4 5 |  5.1
Dodging        | 1 |  1.6
Armour         | 4 |  4.2
Shields        | |  3.2

Action                     |  1- 3 |  4- 6 |  7- 9 || total
---------------------------+-------+-------+-------++-------
  Melee: War axe           |    77 |   113 |    71 ||   261
  Throw: Boomerang         |     6 |    52 |    14 ||    72
    Use: Scroll            |     7 |     2 |     1 ||    10
         Potion            |     1 |     3 |     3 ||     7
 Armour: Scale mail        |     8 |       |       ||     8
         Chain mail        |    16 |    65 |    86 ||   167
  Dodge: Dodged            |    21 |    30 |    50 ||   101
  Block: Buckler           |    28 |    56 |    56 ||   140
         Reflection        |     1 |     1 |       ||     2

Table legend:
 A = Non-vault XP
 B = Vault XP
 C = Vault XP percentage of total XP
 D = Non-vault monster count
 E = Vault monster count
 F = Vault count percentage of total count
                 A         B        C        D         E       F
            +---------+---------+-------+---------+---------+-------
      Total |    1268 |     224 |  15.0 |      62 |      29 |  31.9
            +---------+---------+-------+---------+---------+-------
        D:1 |      17 |       5 |  22.7 |       9 |       1 |  10.0
        D:2 |      17 |       3 |  15.0 |      10 |       1 |   9.1
        D:3 |      19 |       0 |   0.0 |       9 |       0 |   0.0
        D:4 |     451 |      12 |   2.6 |      18 |       5 |  21.7
        D:5 |     410 |     164 |  28.6 |      11 |       1 |   8.3
        D:6 |     354 |       0 |   0.0 |       5 |       0 |   0.0
      Sewer |       0 |      40 | 100.0 |       0 |      21 | 100.0
            +---------+---------+-------+---------+---------+-------
